 Dungeon Crawl Stone Soup version 0.21.0-25-ge575cb9 (webtiles) character file.

2512 pstr the Geomancer (level 9, -8/73 HPs)
             Began as a Naga Earth Elementalist on Jan 25, 2018.
             Was a Believer of Cheibriados.
             Mangled by an orc warrior
             ... wielding a +0 long sword
              (16 damage)
             ... on level 7 of the Dungeon.
             The game lasted 00:18:29 (7051 turns).

pstr the Geomancer (Naga Earth Elementalist)        Turns: 7051, Time: 00:18:30

Health: -8/73      AC:  5    Str: 17    XL:     9   Next: 53%
Magic:  11/20      EV: 11    Int: 24    God:    Cheibriados [**....]
Gold:   100        SH:  0    Dex: 18    Spells: 19/23 levels left

rFire    . . .     SeeInvis +   o - +3 rapier (drain)
rCold    . . .     Gourm    .   (no shield)
rNeg     . . .     Faith    .   r - +0 animal skin
rPois    +         Spirit   .   s - +0 helmet (curse)
rElec    .         Reflect  .   (no cloak)
rCorr    .         Harm     .   (no gloves)
MR       +....                  (no barding)
Stlth    +++.......             (no amulet)
HPRegen  0.22/turn              (no ring)
MPRegen  0.17/turn              (no ring)

@: very slow
A: large, see invisible, deformed body, poison resistance, slowness 2, slow
metabolism 1, spit poison 1, AC +3
a: Spit Poison, Bend Time, Renounce Religion


You were on level 7 of the Dungeon.
You worshipped Cheibriados.
Cheibriados was pleased with you.
You were not hungry.

You visited 1 branch of the dungeon, and saw 7 of its levels.

You collected 205 gold pieces.
You spent 105 gold pieces at shops.

Inventory:

Hand Weapons
 h - a +0 short sword
 o - a +3 rapier of draining (weapon)
Missiles
 b - 129 stones (quivered)
 g - 152 arrows
Armour
 c - a +0 robe
 r - a +0 animal skin (worn)
 s - a cursed +0 helmet (worn)
Jewellery
 k - an uncursed ring of resist corrosion {unknown}
 y - the amulet of the Rose {Faith rElec, unknown}
   (You found it on level 4 of the Dungeon)

   [amulet of faith]

   It allows you to gain divine favour quickly.
   It insulates you from electricity.
Wands
 w - a wand of polymorph (4)
 A - a wand of flame (29)
Scrolls
 a - 4 scrolls of remove curse {unknown}
 f - a scroll of immolation
 j - 7 scrolls of teleportation {unknown}
 m - a scroll of amnesia {unknown}
 q - 5 scrolls of identify {unknown}
 t - 2 scrolls of fear {unknown}
 u - a scroll of magic mapping {unknown}
 v - a scroll of enchant weapon
 B - a scroll of blinking {unknown}
 D - 2 scrolls of enchant armour {unknown}
 E - a scroll of noise {unknown}
Potions
 i - a potion of ambrosia
 l - a potion of curing
 n - a potion of haste
 p - a potion of might {unknown}
 z - 3 potions of flight
Books
 e - a book of Geomancy

   Spells                             Type                      Level
   a - Sandblast                      Earth                        1
   b - Passwall                       Transmutation/Earth          2
   c - Stone Arrow                    Conjuration/Earth            3
   d - Petrify                        Transmutation/Earth          4
   e - Lee's Rapid Deconstruction     Earth                        5
 C - a book of Changes

   Spells                             Type                      Level
   a - Beastly Appendage              Transmutation                1
   b - Sticks to Snakes               Transmutation                2
   c - Spider Form                    Transmutation/Poison         3
   d - Ice Form                       Ice/Transmutation            4
   e - Blade Hands                    Transmutation                5
Comestibles
 d - 12 rations


   Skills:
 + Level 1.8 Fighting
 + Level 2.1 Short Blades
 + Level 2.6 Dodging
 + Level 4.3 Stealth
 + Level 7.5 Spellcasting
 + Level 3.2 Conjurations
   Level 1.0 Transmutations
 + Level 8.4 Earth Magic


You had 19 spell levels left.
You knew the following spells:

 Your Spells              Type           Power        Failure   Level  Hunger
a - Sandblast             Erth           #####.       1%          1    None
b - Stone Arrow           Conj/Erth      #####.       1%          3    None


Dungeon Overview and Level Annotations

Branches:
Dungeon (7/15)             Temple (0/1) D:4

Altars:
Cheibriados
Elyvilon
Fedhas
Gozag
Kikubaaqudgha
Okawaru
Ru
Vehumet
Xom
Zin

Shops:
D:5 *


Innate Abilities, Weirdness & Mutations

You cannot wear boots.
Your serpentine skin is tough. (AC +3)
You have supernaturally acute eyesight. (SInv)
Armour fits poorly on your strangely shaped body.
Your system is resistant to poisons. (rPois)
You cover ground very slowly.
You have a slow metabolism.
You can spit poison.


Message History

Press: ? - help, Shift-Dir - straight line, f/p - orc warrior
Aim: an orc warrior, wielding a long sword and wearing a chain mail (heavily wounded)
The blast of sand misses the orc warrior.
b - 129 stones The orc warrior hits you with a long sword.
* * * LOW HITPOINT WARNING * * *
As you read the scroll labeled ZUMEUG TAGH, it crumbles to dust.
The creatures around you are filled with an inner flame!
It was a scroll of immolation.
The orc priest closely misses you. The orc priest hits you with a flail.
* * * LOW HITPOINT WARNING * * *
The orc priest closely misses you.
The orc warrior hits you with a long sword!
* * * LOW HITPOINT WARNING * * *
The orc priest hits you.
* * * LOW HITPOINT WARNING * * *
The orc priest looks braver for a moment.
You feel better.
The orc warrior hits you with a long sword!
You die...

#+# #.# #.#######.#
############..#...##.#
..............#...##.#
...................#.####
.............#.....#.....
......[o.....#.....#.....
......$o@....#.....#.....
.......o.....#.....#.#
..########+#.##..##<.#
#.###.##..# ?# #..#..#
##.#..# .#..# ....# #...#


You could see an orc warrior (inner flame) and 2 orc priests.

Vanquished Creatures
  Pikel (D:5)
  The ghost of EatLessMeat the Chopper, a novice MiBe of Trog (D:5)
  A hippogriff (D:7)
  2 sky beasts (D:6)
  An ice beast (D:6)
  A phantom (D:5)
  4 slaves (D:5)
  2 ogres
  3 centaurs (D:6)
  A scorpion (D:4)
  A crimson imp (D:5)
  A bullfrog zombie (D:6)
  A jelly (D:5)
  2 centaur skeletons
  A gnoll shaman (D:6)
  Jessica (D:3)
  3 iguanas
  Ijyb (D:3)
  3 worker ants
  Natasha (thrice) (D:4)
  3 hound skeletons
  Robin (D:3)
  A worker ant zombie (D:5)
  11 adders
  4 gnolls (D:6)
  3 adder skeletons
  3 worms
  A leopard gecko (D:4)
  9 orcs
  2 ball pythons
  A bat (D:3)
  5 giant cockroaches
  20 goblins
  3 hobgoblins (D:3)
  8 jackals
  3 quokkas
  4 frilled lizards
  5 kobolds
  A leopard gecko zombie (D:5)
  8 rats
  2 butterflies (D:5)
132 creatures vanquished.

Notes
Turn   | Place    | Note
-------+----------+-------------------------------------------
     0 | D:1      | pstr the Naga Earth Elementalist began the quest for the Orb.
     0 | D:1      | Reached XP level 1. HP: 15/15 MP: 3/3
   532 | D:1      | Reached XP level 2. HP: 22/22 MP: 3/5
  1019 | D:2      | Reached XP level 3. HP: 28/28 MP: 4/7
  1024 | D:2      | Learned a level 3 spell: Stone Arrow
  1378 | D:2      | Noticed an ogre
  1384 | D:2      | Killed an ogre
  1384 | D:2      | Reached skill level 4 in Earth Magic
  1384 | D:2      | Reached XP level 4. HP: 5/36 MP: 1/9
  1384 | D:2      | Reached XP level 5. HP: 5/42 MP: 1/10
  1873 | D:3      | Noticed Robin
  1890 | D:3      | Killed Robin
  2148 | D:3      | Found a sacrificial altar of Ru.
  2396 | D:3      | Noticed Ijyb
  2404 | D:3      | Killed Ijyb
  2796 | D:3      | Noticed Jessica
  2801 | D:3      | Killed Jessica
  2801 | D:3      | Reached skill level 1 in Conjurations
  2801 | D:3      | Reached XP level 6. HP: 48/49 MP: 4/11
  3222 | D:3      | Found a blossoming altar of Fedhas.
  3222 | D:3      | Found a snail-covered altar of Cheibriados.
  3227 | D:3      | Became a worshipper of Cheibriados the Contemplative
  3276 | D:4      | Found a glowing silver altar of Zin.
  3283 | D:4      | Reached skill level 5 in Earth Magic
  3400 | D:4      | Found a staircase to the Ecumenical Temple.
  3439 | D:4      | Got a slimy jade amulet
  3469 | D:4      | Noticed Natasha
  3471 | D:4      | Killed Natasha
  3471 | D:4      | Reached skill level 1 in Short Blades
  3592 | D:4      | Noticed Natasha
  3602 | D:4      | Killed Natasha
  3933 | D:4      | Noticed Natasha
  3935 | D:4      | Killed Natasha
  3935 | D:4      | Reached XP level 7. HP: 55/55 MP: 0/13
  4438 | D:4      | Found an ancient bone altar of Kikubaaqudgha.
  4439 | D:4      | Found a radiant altar of Vehumet.
  4439 | D:4      | Found an opulent altar of Gozag.
  4442 | D:4      | Found an iron altar of Okawaru.
  4621 | D:5      | Entered Level 5 of the Dungeon
  4624 | D:5      | Found a shimmering altar of Xom.
  4632 | D:5      | Reached * piety under Cheibriados
  4654 | D:5      | Found Lituasoe's General Store.
  4686 | D:5      | Bought a scroll of enchant weapon for 105 gold pieces
  4712 | D:5      | Reached skill level 5 in Spellcasting
  4818 | D:5      | Noticed EatLessMeat's ghost (novice MiBe)
  4868 | D:5      | Killed EatLessMeat's ghost
  4868 | D:5      | Reached skill level 6 in Earth Magic
  4868 | D:5      | Reached XP level 8. HP: 18/63 MP: 2/16
  5077 | D:5      | Found a glowing drain.
  5077 | D:5      | Noticed Pikel
  5112 | D:5      | Killed Pikel
  5112 | D:5      | Reached skill level 1 in Fighting
  5112 | D:5      | Reached skill level 7 in Earth Magic
  5799 | D:6      | Reached XP level 9. HP: 73/73 MP: 4/19
  5992 | D:6      | Reached ** piety under Cheibriados
  6303 | D:6      | Reached skill level 8 in Earth Magic
  6886 | D:6      | Found a white marble altar of Elyvilon.
  7050 | D:7      | HP: 3/73 [orc priest (3)]
  7051 | D:7      | Mangled by an orc warrior

Skill      XL: |  1  2  3  4  5  6  7  8  9 |
---------------+----------------------------+-----
Spellcasting   | 3 4 5 6 7 |  7.5
Earth Magic    | 4 5 6 7 8 |  8.4
Conjurations   | 1 2 3 |  3.2
Short Blades   | 1 2 |  2.1
Dodging        | 2 |  2.6
Stealth        | 4 |  4.3
Fighting       | 1 |  1.8
Transmutations | |  1.0

Action                   |  1- 3 |  4- 6 |  7- 9 || total
-------------------------+-------+-------+-------++-------
Melee: Rapier            |       |     7 |    21 ||    28
 Cast: Sandblast         |    36 |    37 |   101 ||   174
       Stone Arrow       |       |    29 |    61 ||    90
 Abil: Spit Poison       |     5 |    13 |     9 ||    27
  Use: Potion            |       |       |    15 ||    15
       Scroll            |       |       |     2 ||     2
 Stab: Sleeping          |       |       |     1 ||     1
  Eat: Chunk             |     1 |    10 |     7 ||    18
Armor: Animal skin       |       |     6 |    32 ||    38
       Skin              |       |       |     2 ||     2
Dodge: Dodged            |     5 |    17 |    55 ||    77
